 Dungeon Crawl Stone Soup version 0.29-a0-299-g4c793a2ed2 (console) character file.

Game seed: 13807318575158831378

11297 Ignak the Thaumaturge (level 11, -9/83 HPs)
             Began as a Gnoll Hedge Wizard on Mar 24, 2022.
             Was a High Priest of Okawaru.
             Killed from afar by Lodul (34 damage)
             ... with a bolt of lightning
             ... on level 11 of the Dungeon.
             The game lasted 00:38:52 (12495 turns).

Ignak the Thaumaturge (Gnoll Hedge Wizard)         Turns: 12495, Time: 00:38:52

Health: -9/83      AC:  7    Str:  5    XL:     11   Next: 75%
Magic:  12/24      EV: 15    Int: 24    God:    Okawaru [*****.]
Gold:   657        SH:  0    Dex: 12    Spells: 6/29 levels left

rFire   + . .      SeeInvis .   j - +6 battleaxe {spect, rF+ Will+ Int+6 Stlth-}
rCold   . . .      Faith    .   (shield currently unavailable)
rNeg    . . .      Spirit   .   m - +0 robe "Rurak" {Fly Regen+ Str-4 Stlth+}
rPois   .          Reflect  .   u - +0 helmet
rElec   .          Harm     .   (no cloak)
rCorr   .          Rampage  .   (no gloves)
Will    ++...                   w - +2 pair of boots {Fly}
Stlth   ++++......              (no amulet)
HPRegen 1.03/turn               f - ring of wizardry
MPRegen 0.19/turn               E - ring of willpower

@: flying
A: fangs 1, strong nose, distributed training
a: Renounce Religion, Heroism, Finesse, Duel


You were on level 11 of the Dungeon.
You worshipped Okawaru.
Okawaru was extremely pleased with you.
You visited 1 branch of the dungeon, and saw 11 of its levels.
You also visited: Sewer.

You collected 657 gold pieces.

Inventory:

Hand Weapons
 a - a +4 mace of freezing
 b - a +1 mace of holy wrath
 j - the +6 battleaxe of Lehudac (weapon) {spect, rF+ Will+ Int+6 Stlth-}
   (Okawaru gifted it to you on level 10 of the Dungeon)

   When its wielder attacks, the weapon's spirit leaps out and strikes again.
   The spirit shares a part of any damage it takes with its wielder.
   Int:       It affects your intelligence (+6).
   rF:        It protects you from fire.
   Will:      It increases your willpower.
   Stlth:     It makes you less stealthy.
 z - a +1 rapier
Missiles
 g - 23 poisoned darts (quivered)
Armour
 h - a +0 ring mail of positive energy
 m - the +0 robe "Rurak" (worn) {Fly Regen+ Str-4 Stlth+}
   (You found it on level 2 of the Dungeon)

   Str:       It affects your strength (-4).
   Fly:       It grants you flight.
   Regen:     It increases your rate of health regeneration.
   Stlth:     It makes you more stealthy.
 u - a +0 helmet (worn)
 w - a +2 pair of boots of flying (worn)
Jewellery
 f - a ring of wizardry (left hand)
 p - a ring of resist corrosion
 y - a ring of positive energy
 E - a ring of willpower (right hand)
Wands
 e - a wand of paralysis (3)
 s - a wand of acid (12)
 B - a wand of iceblast (20)
 G - a wand of digging (2)
Scrolls
 c - 2 scrolls of fog
 k - 5 scrolls of teleportation
 l - a scroll of enchant armour
 n - 3 scrolls of amnesia
 r - 2 scrolls of blinking
 x - 4 scrolls of enchant weapon
 A - 3 scrolls of magic mapping
 C - a scroll of immolation
 F - 2 scrolls of identify
Potions
 d - 2 potions of magic
 i - 2 potions of haste
 o - 2 potions of brilliance
 q - 2 potions of lignification
 t - a potion of ambrosia
 v - 4 potions of heal wounds
 D - a potion of mutation


   Skills:
 + Level 6.6 Fighting
 + Level 6.6 Short Blades
 + Level 6.6 Long Blades
 + Level 6.6 Axes
 + Level 6.6 Maces & Flails
 + Level 6.6 Polearms
 + Level 6.6 Staves
 + Level 6.6 Slings
 + Level 6.6 Bows
 + Level 6.6 Crossbows
 + Level 6.6 Throwing
 + Level 6.6 Armour
 + Level 8.1 Dodging
 + Level 7.9 Stealth
 + Level 6.6 Shields
 + Level 6.6 Unarmed Combat
 + Level 9.8 Spellcasting
 + Level 5.9 Conjurations
 + Level 5.4 Hexes
 + Level 5.9 Summonings
 + Level 5.4 Necromancy
 + Level 5.9 Translocations
 + Level 5.4 Transmutations
 + Level 5.4 Fire Magic
 + Level 5.4 Ice Magic
 + Level 5.4 Air Magic
 + Level 5.4 Earth Magic
 + Level 5.4 Poison Magic
 + Level 7.2 Invocations
 + Level 6.6 Evocations


You had 6 spell levels left.
You knew the following spells:

 Your Spells              Type           Power      Damage    Failure   Level
a - Magic Dart            Conj           100%       1d8       1%          1
b - Blink                 Tloc           80%        N/A       1%          2
c - Slow                  Hex            100%       N/A       1%          1
d - Mephitic Cloud        Conj/Pois/Air  38%        N/A       1%          3
e - Call Imp              Summ           40%        N/A       1%          2
f - Ignite Poison         Fire/Tmut/Pois 38%        N/A       1%          3
q - Conjure Flame         Conj/Fire      39%        6-21      1%          3
r - Teleport Other        Tloc           40%        N/A       1%          3
x - Beastly Appendage     Tmut           76%        N/A       1%          1
z - Olgreb's Toxic Radia  Pois           38%        N/A       2%          4

Your spell library contained the following spells:

 Spells                   Type           Power      Damage    Failure   Level
 Pain                     Necr           100%       1d9       1%          1
 Corpse Rot               Necr/Air       76%        N/A       1%          2
 Passwall                 Tmut/Erth      31%        N/A       1%          2
 Gell's Gravitas          Tloc           40%        N/A       1%          3
 Lesser Beckoning         Tloc           40%        N/A       1%          3
 Spider Form              Tmut/Pois      38%        N/A       1%          3
 Vampiric Draining        Necr           38%        2d8       1%          3
 Iskenderun's Battlesphe  Conj           40%        2d9       5%          5
 Conjure Ball Lightning   Conj/Air       19%        3x3d6     30%         6
 Starburst                Conj/Fire      19%        6d7       30%         6
 Ozocubu's Refrigeration  Ice            19%        4d8       86%         7
 Ignition                 Fire           19%        3d7       100%        8
 Chain Lightning          Conj/Air       19%        3d26      100%        9
 Animate Skeleton         Necr           Unusable   N/A       N/A         1

Dungeon Overview and Level Annotations

Branches:
Dungeon (11/15)            Temple (0/1) D:5            Lair (0/6) D:10
  Sewer (visited)
    Orc: D:9-12

Altars:
Makhleb
Okawaru
Ru
Xom

Shops:
D:1 !

Annotations:
D:11 Lodul


Innate Abilities, Weirdness & Mutations

You have very sharp teeth.
Your uncanny sense of smell can sniff out nearby items.
Your experience applies equally to all skills.


Message History

Unknown command.
Casting: Olgreb's Toxic Radiance (dangerous; 2% risk of failure)
Confirm with . or Enter, or press ? or * to list all spells.
Your toxic radiance grows in intensity.
The two-headed ogre is poisoned.
The ogre looks even sicker. x2; The two-headed ogre is poisoned. x2
The two-headed ogre looks even sicker. x2
Casting: Olgreb's Toxic Radiance (dangerous; 2% risk of failure)
Confirm with . or Enter, or press ? or * to list all spells.
You ignite the poison in your surroundings!
The ogre seems to burn from within!!
You kill the ogre!
Okawaru accepts your kill.
The two-headed ogre seems to burn from within!!!
The two-headed ogre is severely wounded.
The ogre seems to burn from within!!!
You kill the ogre!
Okawaru accepts your kill.
The two-headed ogre is poisoned.
Unknown command.
Casting: Ignite Poison (safe; 1% risk of failure)
Confirm with . or Enter, or press ? or * to list all spells.
You ignite the poison in your surroundings!
The two-headed ogre seems to burn from within!!
The two-headed ogre is heavily wounded.
Lodul seems to burn from within!!
Lodul is heavily wounded.
Lodul is poisoned.
The two-headed ogre is poisoned.
Your toxic aura wanes.
Electricity crackles from Lodul's apparatus.
The bolt of lightning hits you!!
Unknown command.
The two-headed ogre attacks as you move away!
The two-headed ogre hits you with a +0 giant club!!
* * * LOW HITPOINT WARNING * * *
The two-headed ogre barely misses you.
The two-headed ogre looks more healthy. x2
The two-headed ogre looks more healthy.
Electricity crackles from Lodul's apparatus.
The bolt of lightning hits you!!
You die...

## #†## #..# ##.# ####.######
#.........# # #...†.....#
#########.### #.........#
..............#####.........#
#####..######...@.O.O.......#
#..## #######..O......# ##.##
#.........# #..# #....O....#
#.## ######O#### #.# #.O..#
#.# #O#### #)# #.O
##)######### #.)


You could see Lodul and 3 two-headed ogres.

Vanquished Creatures
  A boulder beetle (D:10)
  3 two-headed ogres
  A cyclops (D:11)
  An unseen horror (D:11)
  2 komodo dragons (D:11)
  A troll (D:5)
  2 wraiths (D:9)
  A vampire (D:11)
  2 wyverns
  8 yaks
  Grum (D:8)
  3 water moccasins
  3 acid dragons
  A sky beast (D:8)
  4 orc warriors
  3 black bears (D:10)
  2 ogres (D:11)
  An ice beast (D:5)
  5 centaurs
  4 wolves
  A phantom (D:5)
  4 kobold brigands
  3 bullfrogs
  8 scorpions
  2 gnoll sergeants
  8 wights
  14 killer bees
  6 howler monkeys
  3 hounds (D:6)
  3 orc priests
  4 jellies
  2 iguanas (D:5)
  9 orc wizards
  8 gnolls
  8 adders
  2 river rats
  2 white imps
  An ufetubus (D:4)
  3 worms
  4 dart slugs
  19 orcs
  12 ball pythons
  9 endoplasms
  A giant cockroach (D:1)
  7 hobgoblins
  11 jackals
  22 kobolds
  4 quokkas
  6 bats
  5 frilled lizards
  9 goblins
  11 rats
260 creatures vanquished.

Vanquished Creatures (collateral kills)
  An adder (D:2)
  An endoplasm (D:2)
2 creatures vanquished.

Vanquished Creatures (others)
  41 fungi (D:10)
  61 plants
102 creatures vanquished.

Grand Total: 364 creatures vanquished

Notes
Turn   | Place    | Note
-------+----------+-------------------------------------------
     0 | D:1      | Ignak the Gnoll Hedge Wizard began the quest for the Orb.
     0 | D:1      | Reached XP level 1. HP: 13/13 MP: 8/8
    74 | D:1      | Got the Grimoire of Unstable Attacks
   187 | D:1      | Reached XP level 2. HP: 19/19 MP: 6/10
   466 | D:1      | Reached XP level 3. HP: 21/25 MP: 1/11
   469 | D:1      | Learned a level 2 spell: Blink
   471 | D:1      | Learned a level 1 spell: Slow
   475 | D:1      | Learned a level 3 spell: Mephitic Cloud
   478 | D:1      | Learned a level 2 spell: Call Imp
   668 | D:1      | Found a faded altar of an unknown god.
   734 | D:1      | Found Nanofys's Distillery.
  1132 | D:2      | Reached skill level 1 in Invocations
  1384 | D:2      | Identified the +0 robe "Rurak" {Fly Regen+ Str-4 Stlth+}
  1543 | D:2      | Reached skill level 1 in Fighting
  1543 | D:2      | Reached skill level 1 in Short Blades
  1543 | D:2      | Reached skill level 1 in Long Blades
  1543 | D:2      | Reached skill level 1 in Axes
  1543 | D:2      | Reached skill level 1 in Maces & Flails
  1543 | D:2      | Reached skill level 1 in Polearms
  1543 | D:2      | Reached skill level 1 in Staves
  1543 | D:2      | Reached skill level 1 in Slings
  1543 | D:2      | Reached skill level 1 in Bows
  1543 | D:2      | Reached skill level 1 in Crossbows
  1543 | D:2      | Reached skill level 1 in Throwing
  1543 | D:2      | Reached skill level 1 in Armour
  1543 | D:2      | Reached skill level 1 in Shields
  1543 | D:2      | Reached skill level 1 in Unarmed Combat
  1543 | D:2      | Reached skill level 1 in Evocations
  1543 | D:2      | Reached XP level 4. HP: 32/32 MP: 2/13
  2389 | D:3      | Reached skill level 1 in Hexes
  2389 | D:3      | Reached skill level 1 in Necromancy
  2389 | D:3      | Reached skill level 1 in Transmutations
  2389 | D:3      | Reached skill level 1 in Fire Magic
  2389 | D:3      | Reached skill level 1 in Ice Magic
  2389 | D:3      | Reached skill level 1 in Air Magic
  2389 | D:3      | Reached skill level 1 in Earth Magic
  2389 | D:3      | Reached skill level 1 in Poison Magic
  2414 | D:3      | Found an iron altar of Okawaru.
  2449 | D:3      | Became a worshipper of Warmaster Okawaru
  3023 | D:4      | Noticed a scorpion
  3040 | D:4      | Killed a scorpion
  3041 | D:4      | Reached XP level 5. HP: 29/37 MP: 11/14
  3281 | D:4      | Reached XP level 6. HP: 44/44 MP: 3/16
  3300 | D:4      | Found a glowing drain.
  3304 | Sewer    | Entered a sewer
  4107 | D:4      | Reached skill level 5 in Dodging
  4161 | D:3      | Learned a level 3 spell: Conjure Flame
  4294 | D:4      | Reached * piety under Okawaru
  4442 | D:4      | Reached XP level 7. HP: 45/50 MP: 1/18
  5171 | D:5      | Entered Level 5 of the Dungeon
  5274 | D:5      | Reached skill level 5 in Stealth
  5408 | D:5      | Reached XP level 8. HP: 26/57 MP: 11/19
  5422 | D:5      | Reached ** piety under Okawaru
  5916 | D:5      | Noticed a troll
  5942 | D:5      | Killed a troll
  6073 | D:5      | Found a staircase to the Ecumenical Temple.
  6183 | D:5      | Learned a level 3 spell: Teleport Other
  6213 | D:5      | Reached skill level 8 in Spellcasting
  6629 | D:6      | Learned a level 4 spell: Olgreb's Toxic Radiance
  6633 | D:6      | Learned a level 3 spell: Ignite Poison
  6643 | D:6      | Found a burning altar of Makhleb.
  6643 | D:6      | Noticed a cacodemon
  6746 | D:6      | You are sucked into a shaft and drop 1 floor!
  6934 | D:6      | Reached *** piety under Okawaru
  7002 | D:6      | Reached XP level 9. HP: 65/65 MP: 13/21
  7137 | D:6      | Found a shimmering altar of Xom.
  8353 | D:8      | Noticed Grum
  8357 | D:8      | Killed Grum
  8738 | D:7      | Reached skill level 5 in Invocations
  8805 | D:8      | Reached **** piety under Okawaru
  9118 | D:8      | Reached XP level 10. HP: 73/73 MP: 9/22
  9525 | D:9      | Reached skill level 5 in Fighting
  9525 | D:9      | Reached skill level 5 in Short Blades
  9525 | D:9      | Reached skill level 5 in Long Blades
  9525 | D:9      | Reached skill level 5 in Axes
  9525 | D:9      | Reached skill level 5 in Maces & Flails
  9525 | D:9      | Reached skill level 5 in Polearms
  9525 | D:9      | Reached skill level 5 in Staves
  9525 | D:9      | Reached skill level 5 in Slings
  9525 | D:9      | Reached skill level 5 in Bows
  9525 | D:9      | Reached skill level 5 in Crossbows
  9525 | D:9      | Reached skill level 5 in Throwing
  9525 | D:9      | Reached skill level 5 in Armour
  9525 | D:9      | Reached skill level 5 in Shields
  9525 | D:9      | Reached skill level 5 in Unarmed Combat
  9525 | D:9      | Reached skill level 5 in Evocations
 10222 | D:9      | Got Tefet's Incunabulum of Shifting Lightness
 10225 | D:9      | Learned a level 1 spell: Beastly Appendage
 10374 | D:9      | Received a gift from Okawaru
 10453 | D:9      | Reached skill level 9 in Spellcasting
 10724 | D:10     | Entered Level 10 of the Dungeon
 10814 | D:10     | Reached skill level 5 in Conjurations
 10814 | D:10     | Reached skill level 5 in Summonings
 10814 | D:10     | Reached skill level 5 in Translocations
 10821 | D:10     | Reached ***** piety under Okawaru
 10997 | D:10     | Noticed a two-headed ogre
 11003 | D:10     | Killed a two-headed ogre
 11003 | D:10     | Received a gift from Okawaru
 11004 | D:10     | Found a staircase to the Lair.
 11068 | D:10     | Reached XP level 11. HP: 81/81 MP: 0/24
 11130 | D:10     | Identified the +6 battleaxe of Lehudac {spect, rF+ Will+
                  | Int+6 Stlth-} (Okawaru gifted it to you on level 10 of the
                  | Dungeon)
 11130 | D:10     | Received a gift from Okawaru
 11432 | D:10     | Found a sacrificial altar of Ru.
 11433 | D:10     | Noticed a boulder beetle
 11440 | D:10     | Killed a boulder beetle
 11447 | D:10     | Reached skill level 5 in Hexes
 11447 | D:10     | Reached skill level 5 in Necromancy
 11447 | D:10     | Reached skill level 5 in Transmutations
 11447 | D:10     | Reached skill level 5 in Fire Magic
 11447 | D:10     | Reached skill level 5 in Ice Magic
 11447 | D:10     | Reached skill level 5 in Air Magic
 11447 | D:10     | Reached skill level 5 in Earth Magic
 11447 | D:10     | Reached skill level 5 in Poison Magic
 11629 | D:10     | Noticed a two-headed ogre
 11636 | D:10     | Killed a two-headed ogre
 12314 | D:11     | Noticed a cyclops
 12314 | D:11     | Noticed a two-headed ogre
 12320 | D:11     | Killed a cyclops
 12320 | D:11     | Killed a two-headed ogre
 12481 | D:11     | Noticed Lodul
 12481 | D:11     | Noticed a two-headed ogre
 12482 | D:11     | Noticed a two-headed ogre
 12482 | D:11     | Noticed a two-headed ogre
 12495 | D:11     | Killed from afar by Lodul

Illustrated notes

Levels and vault maps discovered:
D:1:      amcnicky_arrival_underground_garden, layout_loops_corners,
          basic_ecumenical_altar, serial_shops, shop
D:2:      layout_basic, grunt_ministairs_5
D:3:      layout_loops_ring, okawaru_gym_becter
D:4:      layout_basic, gup_sewer_entry_bowl
D:5:      layout_basic, minmay_temple_entry_fiery
D:6:      layout_loops_cross, makhleb_altar_promises_db,
          mainiacjoe_overflow_brackets
D:7:      layout_gridville, nicolae_underground_beach
D:8:      layout_gridville, minmay_misc_feat_roman, minmay_checkerbox, uniq_grum
D:9:      layout_layer_cave
D:10:     layout_layer_cave, mainiacjoe_overflow_concentric_impassable,
          due_lair_maze_entry_diamond
D:11:     layout_roguey, uniq_lodul

Skill      XL: |  1  2  3  4  5  6  7  8  9 10 11 |
---------------+----------------------------------+-----
Conjurations   | 2 3 4 5 |  5.9
Summonings     | 2 3 4 5 |  5.9
Translocations | 2 3 4 5 |  5.9
Invocations    | 1 2 3 4 5 6 7 |  7.2
Fighting       | 1 2 3 4 5 6 |  6.6
Short Blades   | 1 2 3 4 5 6 |  6.6
Long Blades    | 1 2 3 4 5 6 |  6.6
Axes           | 1 2 3 4 5 6 |  6.6
Maces & Flails | 1 2 3 4 5 6 |  6.6
Polearms       | 1 2 3 4 5 6 |  6.6
Staves         | 1 2 3 4 5 6 |  6.6
Slings         | 1 2 3 4 5 6 |  6.6
Bows           | 1 2 3 4 5 6 |  6.6
Crossbows      | 1 2 3 4 5 6 |  6.6
Throwing       | 1 2 3 4 5 6 |  6.6
Armour         | 1 2 3 4 5 6 |  6.6
Shields        | 1 2 3 4 5 6 |  6.6
Unarmed Combat | 1 2 3 4 5 6 |  6.6
Evocations     | 1 2 3 4 5 6 |  6.6
Hexes          | 1 2 3 4 5 |  5.4
Necromancy     | 1 2 3 4 5 |  5.4
Transmutations | 1 2 3 4 5 |  5.4
Fire Magic     | 1 2 3 4 5 |  5.4
Ice Magic      | 1 2 3 4 5 |  5.4
Air Magic      | 1 2 3 4 5 |  5.4
Earth Magic    | 1 2 3 4 5 |  5.4
Poison Magic   | 1 2 3 4 5 |  5.4
Dodging        | 5 6 7 8 |  8.1
Stealth        | 5 6 7 |  7.9
Spellcasting   | 8 9 |  9.8

Action                   |  1- 3 |  4- 6 |  7- 9 | 10-12 || total
-------------------------+-------+-------+-------+-------++-------
Melee: Dagger            |    42 |    42 |       |       ||    84
       Bite              |     7 |    19 |    14 |    13 ||    53
       Punch             |     1 |     5 |     2 |     4 ||    12
       Rapier            |       |   180 |     3 |     2 ||   185
       Flail             |       |     3 |   152 |       ||   155
       Mace              |       |       |       |    73 ||    73
       Kick              |       |       |       |     2 ||     2
       Headbutt          |       |       |       |     1 ||     1
       Battleaxe         |       |       |       |    14 ||    14
Throw: Dart              |     2 |       |     6 |       ||     8
 Cast: Magic Dart        |    70 |    85 |    63 |    17 ||   235
       Call Imp          |     1 |     6 |       |       ||     7
       Mephitic Cloud    |     1 |     1 |     9 |     5 ||    16
       Blink             |     1 |       |    11 |     1 ||    13
       Conjure Flame     |       |     6 |     8 |     2 ||    16
       Olgreb's Toxic Ra |       |       |    18 |    31 ||    49
       Ignite Poison     |       |       |    13 |    24 ||    37
       Slow              |       |       |     3 |     3 ||     6
       Teleport Other    |       |       |     2 |       ||     2
       Beastly Appendage |       |       |       |     2 ||     2
Invok: Heroism           |       |       |       |     2 ||     2
Evoke: Wand              |       |       |     1 |       ||     1
  Use: Scroll            |     1 |     8 |     3 |     4 ||    16
       Potion            |       |    10 |       |       ||    10
 Stab: Sleeping          |       |    11 |     5 |     3 ||    19
       Confused          |       |     1 |     1 |     4 ||     6
       Distracted        |       |       |     1 |       ||     1
Armor: Robe              |    14 |    53 |    37 |    29 ||   133
Dodge: Dodged            |    53 |   190 |   106 |    66 ||   415

Table legend: (Time is in decaauts)
 A = Elapsed time spent in this place.
 B = Non-inter-level travel time spent in this place.
 C = Inter-level travel time spent in this place.
 D = Time resting spent in this place.
 E = Time spent auto-exploring this place.
 F = Levels seen in this place.
 G = Mean time per level.
                   A        B        C        D        E       F      G
               +--------+--------+--------+--------+--------+-----+--------+
         Total |  12587 |  12287 |    300 |   1864 |   6640 |  12 | 1048.9 |
       Dungeon |  11868 |  11568 |    300 |   1774 |   6436 |  11 | 1078.9 |
         Sewer |    718 |    718 |      0 |     90 |    204 |   1 |  718.0 |
               +--------+--------+--------+--------+--------+-----+--------+

Top non-repeatable levels by time:
     D:4: 1566 daAuts
     D:5: 1459 daAuts
     D:1: 1309 daAuts
     D:7: 1300 daAuts
     D:9: 1154 daAuts
    D:10: 1031 daAuts
     D:8: 883 daAuts
     D:2: 874 daAuts
     D:6: 855 daAuts
     D:3: 740 daAuts
   Sewer: 718 daAuts
    D:11: 693 daAuts
